 Dungeon Crawl Stone Soup version 0.31-a0-981-geadf994542 (webtiles) character file.

Game seed: 6794329916715743311

30 Xavori the Trooper (level 3, 0/27 HPs)
             Began as a Djinni Chaos Knight on Nov 1, 2023.
             Was a Plaything of Xom.
             Slain by a gnoll
             ... wielding a +0 whip
              (9 damage)
             ... on level 2 of the Dungeon.
             The game lasted 00:01:21 (3678 turns).

Xavori the Trooper (Djinni Chaos Knight)            Turns: 3678, Time: 00:01:22

Health: 0/27       AC:  5    Str: 10    XL:     3   Next: 37%
Gold:   8          EV: 12    Int: 12    God:    Xom [......] SH:  0 Dex: 18

rFire   + + +        a - +0 falchion (chaos)
rCold   . . .        (no shield)
rNeg    . . .        b - +2 leather armour
rPois   ∞            (no helmet)
rElec   +            (no cloak)
rCorr   +            (no gloves)
SInv    .            (boots unavailable)
Will    .....        (no amulet)
Stlth   +            (no ring)
HPRegen 0.24/turn    (no ring)
MPRegen 0.00/turn

%: infuse magic (-1 HP)
@: resistant, flying
A: sickness immunity, fire resistance 2, cold vulnerability 1, float, innate
caster, HP casting, extra vitality 1, agile 1, frail 1
a: Renounce Religion


You were on level 2 of the Dungeon.
You worshipped Xom.
You were a very special plaything of Xom.
You visited 1 branch of the dungeon, and saw 2 of its levels.

You collected 44 gold pieces.
You spent 36 gold pieces at shops.

Inventory:

Hand Weapons
 a - a +0 falchion of chaos (weapon)
Armour
 b - a +2 leather armour (worn)
Scrolls
 c - a scroll of butterflies
 d - a scroll of fog {unknown}
 f - a scroll of revelation {unknown}
 g - a scroll of teleportation


   Skills:
 + Level 3.2 Fighting
 + Level 2.9 Long Blades
 + Level 1.4 Armour
 + Level 2.5 Dodging
 * Level 0.8 Spellcasting
 * Level 0.8 Conjurations
 * Level 0.8 Hexes
   Level 0.0 Charms
 * Level 0.8 Summonings
 * Level 0.8 Necromancy
 * Level 0.8 Translocations
 * Level 0.8 Transmutations
 * Level 0.8 Fire Magic
 * Level 0.8 Ice Magic
 * Level 0.8 Air Magic
 * Level 0.8 Earth Magic
 * Level 0.8 Poison Magic


You knew the following spells:

 Your Spells              Type           Power      Damage    Failure   Level
a - Slow                  Hex            8%         N/A       28%         1
Your spell library was empty.

Dungeon Overview and Level Annotations

Branches:
Dungeon (2/15)

Altars:

Shops:
D:1 ?*=!?


Innate Abilities, Weirdness & Mutations

You are immune to sickness and miasma.
You are immune to poison.
Your flesh is very heat resistant. (rF++)
You are vulnerable to cold. (rC-)
You float through the air rather than walking.
You learn spells naturally, not from books.
Your magical power is your life essence.
You have superior vitality. (+4 MHP)
You are agile. (Dex +4, Str/Int -1)
You are frail. (-10% HP)


Message History

The gnoll is severely wounded.
The gnoll barely misses you. The gnoll misses you.
The gnoll hits you with a +0 spear.
You hit the gnoll but do no damage.
The gnoll appears confused.
The gnoll is severely wounded.
The gnoll closely misses you. x2
You slash the gnoll!
The gnoll is heavily wounded. "You need some minor improvements, mortal!"
Your body is suffused with distortional energy.
You feel frail.
You feel robust.
Your body's shape seems more normal.
You feel agile. The gnoll hits you but does no damage.
The gnoll closely misses you.
You hit the gnoll.
The gnoll suddenly seems more resistant.
Xom is highly amused!
The gnoll is severely wounded.
The gnoll hits you with a +0 club. The gnoll hits you with a +0 whip.
* * * LOW HITPOINT WARNING * * *
The gnoll hits you but does no damage. The hobgoblin closely misses you.
The gnoll barely misses you.
You barely miss the gnoll.
The gnoll is severely wounded.
The gnoll closely misses you.
The hobgoblin hits you but does no damage.
The gnoll barely misses you. x2
You barely miss the gnoll.
The gnoll is severely wounded.
The hobgoblin hits you but does no damage.
The gnoll closely misses you. The gnoll hits you but does no damage.
You hit the gnoll but do no damage.
The gnoll is severely wounded.
The hobgoblin hits you but does no damage.
The gnoll misses you. The gnoll barely misses you. x2
You hit the gnoll but do no damage.
The gnoll resists with some effort.
The gnoll is severely wounded.
The hobgoblin hits you but does no damage.
The gnoll barely misses you. The gnoll hits you with a +0 whip!
You die...
Xom howls with laughter! #.######### ......... ###### #....# #....# ####....###+##....# ..............#....# ..............#....# .PP

......##...g..#....##....
...... #......#.g...#....
...... #......#.@..##..P.
##### #####...ggg.# .
..........### ..........+
.....##....# ....(
#...... ....# .......#
.... .######## ## .P


You could see 3 gnolls and a hobgoblin.

Vanquished Creatures
  2 dart slugs (D:1)
  4 ball pythons (D:1)
  3 endoplasms (D:1)
  3 giant cockroaches (D:1)
  2 goblins (D:1)
  2 hobgoblins
  2 jackals (D:1)
  A bat (D:2)
  2 frilled lizards (D:1)
  3 rats
24 creatures vanquished.

Notes
Turn   | Place    | Note
-------+----------+-------------------------------------------
     0 | D:1      | Xavori the Djinni Chaos Knight began the quest for the Orb.
     0 | D:1      | Reached XP level 1. HP: 20/20 MP: 0/0
   101 | D:1      | Reached XP level 2. HP: 21/25 MP: 0/0
   114 | D:1      | Found a faded altar of an unknown god.
   140 | D:1      | XOM: divination: detect creatures
   163 | D:1      | Found Ehaff's Magic Scroll Shoppe.
   327 | D:1      | Reached XP level 3. HP: 30/30 MP: 0/0
   327 | D:1      | Learned a level 1 spell: Slow
   396 | D:1      | Found Ketich's Jewellery Emporium.
   575 | D:1      | Found Rofaeluk's Distillery.
   620 | D:1      | Found Zuggooll's Assorted Antiques.
   682 | D:1      | Found Usoud's Magic Scroll Shop.
   687 | D:1      | Bought a scroll of teleportation for 36 gold pieces
  1867 | D:1      | XOM: silly message
  2502 | D:1      | XOM: give mutations
  2502 | D:1      | Gained mutation: Armour fits poorly on your strangely
                  | shaped body. [Xom's mischief]
  2502 | D:1      | Gained mutation: You are frail. (-10% HP) [Xom's mischief]
  2884 | D:1      | XOM: summons 2 hostile shadow creatures
  3276 | D:1      | XOM: give mutation
  3358 | D:1      | XOM: summons 1 hostile demon
  3657 | D:2      | XOM: 2-stop teleportation journey
  3658 | D:2      | XOM: blink monster(s)
  3660 | D:2      | XOM: smoke on damage
  3673 | D:2      | XOM: give mutations
  3673 | D:2      | Gained mutation: You are very frail. (-20% HP) [Xom's
                  | mischief]
  3673 | D:2      | Lost mutation: You are very frail. (-20% HP) [Xom's
                  | mischief]
  3673 | D:2      | Lost mutation: Armour fits poorly on your strangely shaped
                  | body. [Xom's mischief]
  3673 | D:2      | Gained mutation: You are agile. (Dex +4, Str/Int -1) [Xom's
                  | mischief]
  3678 | D:2      | Slain by a gnoll

Illustrated notes

Levels and vault maps discovered:
D:1:      amcnicky_arrival_flooded_fountain, layout_loops_ring, serial_shops,
          shop, shop_fountains, nicolae_shop_trees, nicolae_shop_statue_plus,
          shop, nicolae_ecumenical_lake_church
D:2:      layout_basic, serial_aquarium, aquarium_bridge_square
          [aquarium_subvault_wall, aquarium_subvault_window,
          aquarium_subvault_bridge, aquarium_subvault_window],
          aquarium_window_corridor_1, aquarium_window_fake, aquarium_view_4,
          aquarium_pool_split, minivault_19

Action                     || total
---------------------------++-------
  Melee: Falchion          ||    63
         Punch             ||     1
    Use: Potion            ||     1
   Stab: Petrifying        ||     1
         Sleeping          ||     1
 Armour: Leather armour    ||    46
  Dodge: Dodged            ||    50

Table legend: (Time is in decaauts)
 A = Elapsed time spent in this place.
 B = Non-inter-level travel time spent in this place.
 C = Inter-level travel time spent in this place.
 D = Time resting spent in this place.
 E = Time spent auto-exploring this place.
 F = Levels seen in this place.
 G = Mean time per level.
                   A        B        C        D        E       F      G
               +--------+--------+--------+--------+--------+-----+--------+
         Total |   3689 |   3651 |     38 |   2891 |    601 |   2 | 1844.5 |
       Dungeon |   3689 |   3651 |     38 |   2891 |    601 |   2 | 1844.5 |
               +--------+--------+--------+--------+--------+-----+--------+

Top non-repeatable levels by time:
     D:1: 3090 daAuts
     D:2: 599 daAuts
